 Dungeon Crawl Stone Soup version 0.32-a0-732-ga344392067 (webtiles) character file.

Game seed: 11147506950538721932

11762 DrFunkyFeet the Dealer of Despair (level 11, 0/55 HPs)
             Began as a Felid Summoner on Mar 16, 2024.
             Was an Elder of Kikubaaqudgha.
             Slain by a blink frog (15 damage)
             ... on level 2 of the Lair of Beasts.
             The game lasted 00:57:21 (19126 turns).

DrFunkyFeet the Dealer of Despair (Felid Summoner) Turns: 19126, Time: 00:57:22

Health: 0/55       AC:  6    Str:  8    XL:     11   Next: 53%
Magic:  0/23       EV: 20    Int: 19    God:    Kikubaaqudgha [****..]
Gold:   441        SH:  5    Dex: 17    Spells: 2/25 levels left
                                        Lives:  0   Deaths: 3

rFire   + . .        (weapon unavailable)
rCold   . . .        (shield unavailable)
rNeg    . . .        (body armour unavailable)
rPois   .            (helmet unavailable)
rElec   .            (cloak unavailable)
rCorr   .            (gloves unavailable)
SInv    +            (boots unavailable)
Will    +....        k - amulet of reflection
Stlth   +++          y - ring of protection from fire
HPRegen 0.29/turn    c - +4 ring of protection
MPRegen 0.18/turn

%: reflection
@: death channelling
A: very small, claws 1, fangs 3, see invisible, shaggy fur 2, stealthy paws, no
weapons or thrown items, no armour, multi-lived
a: Renounce Religion, Unearth Wretches


You were on level 2 of the Lair of Beasts.
You worshipped Kikubaaqudgha.
Kikubaaqudgha was greatly pleased with you.
You visited 3 branches of the dungeon, and saw 14 of its levels.
You also visited: Bailey.

You collected 441 gold pieces.

Inventory:

Jewellery
 c - a +4 ring of protection (right paw)
 h - a ring of protection from cold
 k - an amulet of reflection (around neck)
 s - a ring of resist corrosion
 y - a ring of protection from fire (left paw)
Wands
 g - a wand of warping (14)
 n - a wand of mindburst (8)
 t - a wand of flame (23) (quivered)
 z - a wand of paralysis (7)
Scrolls
 a - a scroll of identify
 b - 2 scrolls of immolation
 d - 3 scrolls of poison
 e - a scroll of brand weapon
 u - 3 scrolls of vulnerability
 w - 2 scrolls of amnesia
 x - a scroll of revelation
Potions
 f - a potion of attraction
 i - 2 potions of ambrosia
 j - 2 potions of lignification
 m - 2 potions of haste
 p - a potion of mutation
 q - 2 potions of berserk rage
 v - 3 potions of enlightenment


   Skills:
 - Level 5.0 Fighting
 - Level 7.3 Dodging
 - Level 5.0 Stealth
 + Level 7.5 Spellcasting
 - Level 10.0 Summonings
 + Level 11.2 Necromancy
 + Level 2.9 Earth Magic


You had 2 spell levels left.
You knew the following spells:

 Your Spells              Type           Power      Damage    Failure   Level
a - Martyr's Knell        Necr/Summ      47%        N/A       1%          4
b - Call Imp              Summ           90%        N/A       1%          2
c - Call Canine Familiar  Summ           45%        N/A       1%          3
d - Necrotise             Necr           100%       1d9       1%          1
e - Vampiric Draining     Necr           49%        2d9       1%          3
f - Dispel Undead         Necr           49%        3d18      1%          4
g - Death Channel         Necr           24%        N/A       14%         6

Your spell library contained the following spells:

 Spells                   Type           Power      Damage    Failure   Level
 Kiss of Death            Conj/Necr      100%       2d13      1%          1
 Summon Small Mammal      Summ           100%       N/A       1%          1
 Sublimation of Blood     Necr           49%        N/A       1%          2
 Sandblast                Erth           36%        2d10      2%          1
 Cigotuvi's Dreadful Rot  Necr/Alch/Air  42%        N/A       3%          2
 Fugue of the Fallen      Necr           49%        N/A       1%          3
 Curse of Agony           Necr           49%        N/A       2%          5
 Summon Ice Beast         Ice/Summ       26%        N/A       3%          3
 Summon Blazeheart Golem  Fire/Summ      26%        N/A       12%         4
 Summon Lightning Spire   Summ/Air       26%        N/A       12%         4
 Borgnjor's Vile Clutch   Necr/Erth      17%        N/A       14%         5
 Stone Arrow              Conj/Erth      24%        3d8       16%         3
 Confusing Touch          Hex            7%         N/A       28%         3
 Summon Mana Viper        Hex/Summ       26%        N/A       34%         5
 Brom's Barrelling Bould  Conj/Erth      12%        2d4       45%         4
 Monstrous Menagerie      Summ           22%        N/A       80%         7


Dungeon Overview and Level Annotations

Branches:
Dungeon (11/15)            Temple (1/1) D:5            Lair (2/5) D:10
    Orc (0/2) D:10         Bailey (visited)
  Swamp: Lair:2-3    Shoals: Lair:2-3     Snake: Lair:2-3    Spider: Lair:2-3

Altars:
Ashenzari
Cheibriados
Dithmenos
Elyvilon
Fedhas
Gozag
Hepliaklqana
Kikubaaqudgha
Makhleb
Nemelex Xobeh
Okawaru
Qazlal
Ru
Sif Muna
Trog
Uskayaw
Vehumet
Wu Jian
Xom
Yredelemnul
Zin
The Shining One
Beogh

Portals:
Abyss: D:10

Annotations:
D:4 2 transporters, Ruich's ghost, novice DgFi
D:8 exclusion: downstairs
D:10 2 transporters, Griffin23's ghost, journeyman MiFi


Innate Abilities, Weirdness & Mutations

You have sharp claws.
You have razor-sharp teeth.
You have supernaturally acute eyesight. (SInv)
You are covered in thick fur. (AC +2)
Your paws help you pounce on unaware monsters.
You are incapable of wielding weapons or throwing items.
You cannot wear armour.
You gain extra lives every three experience levels.


Message History

You feel life coursing into your body.
The blink frog blinks!
You block the blink frog's attack. The blink frog hits you!
The blink frog blinks!
The blink frog closely misses you.
Unknown command.
Unknown command.
Casting: Vampiric Draining (safe; 1% risk of failure)
Confirm with . or Enter, or press ? or * to list all spells.
Aiming: Necrotise (safe; 1% risk of failure)
Press: ? - help, Shift-Dir - straight line, f - blink frog, p - blink frog
Aim: a blink frog (heavily wounded, chance to affect: 70%)
The blink frog struggles to resist.
The blink frog hits you!
The blink frog blinks!
The blink frog misses you.
The blink frog blinks!
The blink frog completely misses your inugami.
Unknown command.
Unknown command.
You are too injured to fight recklessly!
Casting: Necrotise (safe; 1% risk of failure)
Confirm with . or Enter, or press ? or * to list all spells.
Okay, then.
The blink frog blinks! x2
Your inugami barely misses the blink frog.
The blink frog barely misses you. The blink frog closely misses you.
The blink frog hits you but does no damage.
The blink frog completely misses you.
Your inugami misses the blink frog. The blink frog completely misses you.
The blink frog hits your inugami but does no damage.
The blink frog hits you!
* * * LOW HITPOINT WARNING * * *
Your inugami barely misses the blink frog.
Casting: Necrotise (safe; 1% risk of failure)
Confirm with . or Enter, or press ? or * to list all spells.
Aiming: Vampiric Draining (safe; 1% risk of failure)
Press: ? - help, Shift-Dir - straight line, f - blink frog, p - blink frog
Aim: a blink frog (heavily wounded, ally target)
You draw life force from the blink frog!
You feel life coursing into your body.
Your inugami disappears in a puff of smoke!
The blink frog barely misses you. The blink frog hits you!
You die...
Kikubaaqudgha rasps: You have failed me!
Welcome... death!

#.. ... #.# #.# ######
##.# ...... #.[###
##..###..#.###### ..#
#..†..##@.......#
.....##..#.FF#.#.#..##
.....F.F..F.F...###..#
...+...♣........# #.##
##......+....# #.##
#.....#.#...## #..#
#.#......#....# #.##
########..##..# #.#
### #P..##..# #.###P##


You could see 5 blink frogs.

Vanquished Creatures
  A two-headed ogre (D:9)
  An elephant (D:10)
  Maurice (D:10)
  3 cane toads
  A cane toad (shapeshifter) (D:9)
  An unseen horror (D:11)
  A komodo dragon (Lair:2)
  3 trolls (D:10)
  Prince Ribbit (D:6)
  3 wyverns
  2 shadows
  2 vampires
  A water moccasin (D:6)
  10 orc warriors
  An ice beast (D:7)
  A black bear (Lair:1)
  3 centaurs
  12 killer bees
  An electric eel (Lair:1)
  3 orc priests
  6 orc wizards
  2 ufetubi (D:5)
  9 orcs
  A ball python (D:3)
  2 endoplasms (D:1)
  A giant cockroach (D:1)
  5 goblins
  2 hobgoblins (Bailey)
  7 kobolds
  A bat (D:2)
88 creatures vanquished.

Vanquished Creatures (collateral kills)
  2 elephants (Lair:1)
  A yak (D:9)
  A basilisk (Lair:2)
  Eustachio (D:6)
  5 water moccasins
  2 orc warriors (Bailey)
  A sky beast (D:6)
  7 centaurs
  2 ogres
  A phantom (D:4)
  A kobold brigand (D:8)
  3 bullfrogs
  3 scorpions
  4 wights (D:6)
  2 killer bees
  A howler monkey (D:6)
  2 bombardier beetles
  A hound (D:4)
  8 orc priests
  2 jellies
  Terence (D:2)
  3 iguanas
  10 orc wizards
  Natasha (twice) (D:2)
  9 gnolls
  6 adders
  2 shadow imps (D:5)
  A white imp (D:6)
  A dart slug (D:4)
  38 orcs
  7 ball pythons
  A bat (D:3)
  6 endoplasms
  2 giant cockroaches (D:3)
  10 goblins
  4 hobgoblins
  14 kobolds
  3 quokkas
  6 frilled lizards
  5 rats
  A butterfly (D:5)
182 creatures vanquished.

Grand Total: 270 creatures vanquished

Notes
Turn   | Place    | Note
-------+----------+-------------------------------------------
     0 | D:1      | DrFunkyFeet the Felid Summoner began the quest for the Orb.
     0 | D:1      | Reached XP level 1. HP: 9/9 MP: 4/4
   265 | D:1      | Reached XP level 2. HP: 13/13 MP: 3/6
   268 | D:1      | Learned a level 2 spell: Call Imp
  1033 | D:2      | Constricted to death by a ball python
  1033 | D:2      | Lost a life (0 lives remaining)
  1541 | D:2      | Reached XP level 3. HP: 16/16 MP: 4/7
  1545 | D:2      | Learned a level 3 spell: Call Canine Familiar
  1750 | D:2      | Noticed Terence
  1808 | D:2      | Killed Terence
  1969 | D:2      | Noticed Natasha
  1994 | D:2      | Killed Natasha
  1995 | D:2      | Reached skill level 5 in Summonings
  1995 | D:2      | Reached XP level 4. HP: 21/21 MP: 2/9
  1995 | D:2      | Gained a life (1 life remaining)
  2106 | D:2      | Noticed Natasha
  2119 | D:2      | Killed Natasha
  2667 | D:3      | Found a faded altar of an unknown god.
  2920 | D:3      | Reached XP level 5. HP: 24/24 MP: 7/10
  3767 | D:4      | Reached skill level 5 in Stealth
  3896 | D:4      | Reached skill level 1 in Fighting
  3896 | D:4      | Gained mutation: You are covered in thick fur. (AC +2)
                  | [Felid growth]
  3896 | D:4      | Reached XP level 6. HP: 17/30 MP: 9/11
  3949 | D:4      | Found a roughly hewn altar of Beogh.
  4541 | D:4      | Found a transporter.
  4542 | D:4      | Noticed Ruich's ghost (novice DgFi)
  4553 | D:4      | Found a transporter.
  4624 | D:4      | Reached XP level 7. HP: 35/35 MP: 8/13
  4624 | D:4      | Gained a life (2 lives remaining)
  4804 | D:5      | Entered Level 5 of the Dungeon
  6030 | D:5      | Found a staircase to the Ecumenical Temple.
  6083 | Temple   | Entered the Ecumenical Temple
  6111 | Temple   | Became a worshipper of Kikubaaqudgha
  6114 | Temple   | Learned a level 1 spell: Necrotise
  6389 | D:6      | Reached skill level 1 in Necromancy
  6389 | D:6      | Reached XP level 8. HP: 33/40 MP: 15/15
  6423 | D:6      | Noticed Prince Ribbit
  7096 | D:6      | Reached skill level 2 in Necromancy
  7273 | D:6      | Reached * piety under Kikubaaqudgha
  7273 | D:6      | Received a gift from Kikubaaqudgha
  7587 | D:6      | Found a sparkling altar of Nemelex Xobeh.
  7656 | D:6      | Noticed Eustachio
  7670 | D:6      | Killed Prince Ribbit
  7671 | D:6      | Reached skill level 5 in Spellcasting
  7898 | D:6      | Learned a level 3 spell: Vampiric Draining
  7913 | D:6      | Reached skill level 3 in Necromancy
  7934 | D:6      | Killed Eustachio
  8199 | D:6      | Reached XP level 9. HP: 46/46 MP: 12/17
  8687 | D:7      | Reached skill level 5 in Fighting
  8718 | D:7      | Reached skill level 4 in Necromancy
  9208 | D:6      | Learned a level 4 spell: Dispel Undead
  9397 | D:7      | Reached skill level 10 in Summonings
  9525 | D:8      | Noticed a +0 falchion
  9525 | D:8      | Noticed a +0 short sword
  9525 | D:8      | Noticed a +0 short sword
  9527 | D:8      | Noticed a +0 dagger
  9527 | D:8      | Noticed a +0 spear
  9527 | D:8      | Noticed a +0 dagger
  9530 | D:8      | Noticed a +0 falchion
  9530 | D:8      | Noticed a +0 spear
  9535 | D:8      | Found a hide-covered altar of Uskayaw.
  9619 | D:8      | Reached skill level 5 in Necromancy
  9868 | D:8      | Reached skill level 6 in Necromancy
  9986 | D:8      | Found a flagged portal.
 10061 | Bailey   | Entered a bailey
 10331 | Bailey   | Reached skill level 7 in Necromancy
 10498 | Bailey   | Reached ** piety under Kikubaaqudgha
 12323 | Bailey   | Found the +13 sword of the Doom Knight {doom -Cast ^Drain
                  | Will+}
 12683 | D:8      | Noticed a queen bee
 12831 | D:9      | Reached XP level 10. HP: 51/51 MP: 10/18
 12930 | D:9      | a queen bee changed into a cane toad
 12930 | D:9      | Noticed a cane toad (shapeshifter)
 12942 | D:9      | Killed a cane toad
 12943 | D:9      | Reached skill level 8 in Necromancy
 13134 | D:9      | Noticed a two-headed ogre
 13151 | D:9      | Killed a two-headed ogre
 13152 | D:9      | Reached skill level 5 in Dodging
 13583 | D:9      | Found a stormy altar of Qazlal.
 13681 | D:9      | Reached skill level 9 in Necromancy
 13914 | D:9      | Found a bloodstained altar of Trog.
 14034 | D:9      | Identified the +3 war axe "Gumn" {flame, Str+4 Dex-5}
 14195 | D:9      | Learned a level 4 spell: Martyr's Knell
 14978 | D:8      | Reached *** piety under Kikubaaqudgha
 14978 | D:8      | Received a gift from Kikubaaqudgha
 15430 | D:10     | Entered Level 10 of the Dungeon
 15599 | D:10     | Noticed Maurice
 15628 | D:10     | Killed Maurice
 15933 | D:10     | Reached skill level 10 in Necromancy
 16072 | D:10     | Noticed a toenail golem
 16082 | D:10     | Found a one-way gate to the infinite horrors of the Abyss.
 16082 | D:10     | Noticed Griffin23's ghost (journeyman MiFi)
 16088 | D:10     | Noticed a toenail golem
 16089 | D:10     | Found a transporter.
 16329 | D:10     | Noticed a rakshasa
 16330 | D:10     | Found a transporter.
 16678 | D:10     | Reached XP level 11. HP: 55/55 MP: 14/21
 16853 | D:10     | Found a staircase to the Orcish Mines.
 16878 | D:10     | Found a staircase to the Lair.
 17261 | D:11     | Noticed a boulder beetle
 17776 | D:10     | Learned a level 6 spell: Death Channel
 17831 | Lair:1   | Entered Level 1 of the Lair of Beasts
 18036 | Lair:1   | Reached skill level 1 in Earth Magic
 18159 | D:10     | Slain by an elephant
 18159 | D:10     | Lost a life (1 life remaining)
 18258 | Lair:1   | Reached skill level 11 in Necromancy
 18741 | D:11     | Reached **** piety under Kikubaaqudgha
 18937 | Lair:1   | Annihilated by a komodo dragon
 18937 | Lair:1   | Lost a life (0 lives remaining)
 19126 | Lair:2   | Slain by a blink frog

Illustrated notes

Levels and vault maps discovered:
D:1:      sevenhm_arrival_forest_fort_small_6, layout_loops_ring,
          minmay_misc_feat_plants
D:2:      layout_basic, dk_noncrumbling_2, nrook_mini_vaults, uniq_terence,
          uniq_natasha
D:3:      layout_basic, basic_ecumenical_altar, minmay_cut_off
D:4:      layout_basic, serial_forest, infiniplex_forest_straight_3,
          infiniplex_forest_side_room, infiniplex_forest_end_1,
          infiniplex_forest_end_2, infiniplex_forest_pool,
          infiniplex_forest_corner_1, infiniplex_forest_lined_room_2,
          infiniplex_forest_straight_3, gammafunk_ghost_smash,
          kennysheep_orc_chapel
D:5:      layout_loops_corners, minmay_temple_entry_butterflies,
          minmay_crystal_room
D:6:      layout_loops_ring, mainiacjoe_overflow_alcove_4, kennysheep_nub,
          hangedman_abyss_or_decor_slice, chequers_decorated_corner,
          uniq_prince_ribbit1, uniq_eustachio
D:7:      layout_basic, grunt_tough_drop
D:8:      layout_basic, nicolae_uskayaw_en_pointe, enter_bailey_7,
          hangedman_glass_teeth, hangedman_decor_push,
          nicolae_looking_at_the_future
D:9:      layout_basic, grunt_qazlal_clouds, lemuel_tele_altar
D:10:     layout_basic, lair_entry_dummy, david_orc_2,
          gammafunk_ghost_abyssal_escape, uniq_maurice
D:11:     layout_cave_pools, kennysheep_dice
Temple:   mainiacjoe_temple_bowtie_tessellation
Lair:1:   layout_chaotic_city, evilmike_ambush [evilmike_ambush_outer_corners,
          evilmike_ambush_inner_basic], infiniplex_staircase_pool,
          grunt_megastairs_3
Lair:2:   layout_loops_ring, mainiacjoe_swamp_entry_lozenge_pond,
          dummy_spider_entry, grunt_megastairs_1

Skill      XL: |  1  2  3  4  5  6  7  8  9 10 11 |
---------------+----------------------------------+-----
Stealth        | 3 4 5 |  5.0
Summonings     | 5 6 7 9 10 | 10.0
Spellcasting   | 3 4 5 6 7 |  7.5
Fighting       | 1 2 3 4 5 |  5.0
Necromancy     | 1 3 7 10 11 | 11.2
Dodging        | 7 |  7.3
Earth Magic    | 2 |  2.9

Action                     |  1- 3 |  4- 6 |  7- 9 | 10-12 || total
---------------------------+-------+-------+-------+-------++-------
  Melee: Unarmed           |    19 |    28 |    63 |    65 ||   175
         Bite              |     1 |     1 |     7 |     9 ||    18
         Punch             |       |     1 |     2 |     2 ||     5
   Cast: Summon Small Mamm |    49 |     2 |     1 |       ||    52
         Call Imp          |     9 |    24 |    69 |    63 ||   165
         Call Canine Famil |     3 |    19 |    47 |    41 ||   110
         Necrotise         |       |       |    70 |   132 ||   202
         Dispel Undead     |       |       |     2 |     3 ||     5
         Vampiric Draining |       |       |       |    49 ||    49
         Martyr's Knell    |       |       |       |    30 ||    30
         Death Channel     |       |       |       |     4 ||     4
  Evoke: Wand              |       |       |       |     5 ||     5
    Use: Potion            |     1 |       |     2 |     6 ||     9
         Scroll            |       |       |    17 |     7 ||    24
   Stab: Sleeping          |     2 |     1 |     1 |       ||     4
         Distracted        |       |     1 |     3 |     3 ||     7
         Invisible         |       |       |     1 |       ||     1
 Armour: Skin              |    20 |    23 |    55 |   124 ||   222
  Dodge: Dodged            |    21 |    31 |   128 |   261 ||   441
  Block: Other             |     6 |    14 |    32 |    61 ||   113
         Reflection        |       |     2 |     8 |     3 ||    13

Table legend: (Time is in decaauts)
 A = Elapsed time spent in this place.
 B = Non-inter-level travel time spent in this place.
 C = Inter-level travel time spent in this place.
 D = Time resting spent in this place.
 E = Time spent auto-exploring this place.
 F = Levels seen in this place.
 G = Mean time per level.
                   A        B        C        D        E       F      G
               +--------+--------+--------+--------+--------+-----+--------+
         Total |  19129 |  18125 |   1004 |   4377 |   9955 |  15 | 1275.3 |
       Dungeon |  16031 |  15078 |    953 |   2438 |   9423 |  11 | 1457.4 |
        Temple |     55 |      4 |     51 |      0 |      0 |   1 |   55.0 |
          Lair |    543 |    543 |      0 |     16 |    335 |   2 |  271.5 |
        Bailey |   2498 |   2498 |      0 |   1923 |    197 |   1 | 2498.0 |
               +--------+--------+--------+--------+--------+-----+--------+

Top non-repeatable levels by time:
    D:10: 2602 daAuts
  Bailey: 2498 daAuts
     D:9: 2086 daAuts
     D:5: 1837 daAuts
     D:6: 1688 daAuts
     D:2: 1557 daAuts
     D:8: 1381 daAuts
     D:4: 1277 daAuts
     D:7: 1241 daAuts
     D:1: 1007 daAuts
     D:3: 959 daAuts
    D:11: 390 daAuts
  Lair:1: 371 daAuts
  Lair:2: 172 daAuts
  Temple: 55 daAuts
